 Dungeon Crawl Stone Soup version 0.21.1-1-g345015f (webtiles) character file.

62 Golfball the Cudgeler (level 3, -5/30 HPs)
             Began as a Minotaur Gladiator on Feb 19, 2018.
             Slain by a gnoll
             ... wielding a +0 halberd
              (6 damage)
             ... on level 2 of the Dungeon.
             The game lasted 00:04:16 (1352 turns).

Golfball the Cudgeler (Minotaur Gladiator)          Turns: 1352, Time: 00:04:17

Health: -5/30      AC:  7    Str: 18    XL:     3   Next: 85%
Magic:  2/2        EV: 10    Int: 11    God:
Gold:   120        SH:  3    Dex: 11    Spells: 2/2 levels left

rFire    + . .     SeeInvis .   a - +0 flail
rCold    . . .     Gourm    .   j - +0 buckler
rNeg     . . .     Faith    .   o - +0 scale mail
rPois    .         Spirit   .   c - +0 hat
rElec    .         Reflect  .   (no cloak)
rCorr    .         Harm     .   (no gloves)
MR       .....                  l - +0 pair of boots
Stlth    ..........             (no amulet)
HPRegen  0.10/turn              m - ring of protection from fire
MPRegen  0.08/turn              (no ring)

@: brilliant
A: retaliatory headbutt, horns 2
a: no special abilities


You were on level 2 of the Dungeon.
You were not hungry.

You visited 1 branch of the dungeon, and saw 2 of its levels.

You collected 120 gold pieces.

Inventory:

Hand Weapons
 a - a +0 flail (weapon)
 p - a cursed -3 whip
Missiles
 d - 3 throwing nets (quivered)
 h - 20 stones
Armour
 c - a +0 hat (worn)
 j - a +0 buckler (worn)
 l - a +0 pair of boots (worn)
 o - a +0 scale mail (worn)
Jewellery
 m - a ring of protection from fire (left hand)
Scrolls
 b - a scroll of remove curse {unknown}
 e - 2 scrolls of identify {unknown}
 i - a scroll of blinking {unknown}
 n - 2 scrolls of amnesia {unknown}
 q - a scroll of noise {unknown}
Comestibles
 f - a ration
 g - 5 chunks of flesh


   Skills:
 - Level 2.4 Fighting
 + Level 5.8 Maces & Flails
 - Level 2.0 Throwing
 - Level 3.2 Dodging


You had 2 spell levels left.
You didn't know any spells.

Dungeon Overview and Level Annotations

Branches:
Dungeon (2/15)

Altars:


Innate Abilities, Weirdness & Mutations

You reflexively headbutt those who attack you in melee.
You have a pair of horns on your head.


Message History

The gnoll hits you from afar with a halberd!
You block the gnoll's attack.
You hit the gnoll.
The gnoll is moderately wounded.
The gnoll barely misses you. The gnoll hits you but does no damage.
You hit the gnoll but do no damage. Your headbutt misses the gnoll.
The gnoll is moderately wounded.
You block the gnoll's attack.
The gnoll hits you from afar with a halberd.
* * * LOW HITPOINT WARNING * * *
It was a potion of brilliance.
You feel clever all of a sudden. The gnoll closely misses you.
You furiously retaliate!
You headbutt the gnoll.
The gnoll hits you from afar with a halberd!
* * * LOW HITPOINT WARNING * * *
You hit the gnoll but do no damage.
The gnoll is severely wounded.
The gnoll hits you but does no damage.
The gnoll hits you from afar with a halberd.
You die... #.# #.# #.# #.# #.###.###### #.# ## #.....รท<...# #.# .. #####.####.# #.# .### ##..# #.# #.# .gg

#####.#.## #.# #.##.##
.......).###.####.#...#####
...............@gg.........
.#####.###.#.######...####
#....###......[.$..#
#####.#..........#.#
#..#######...# # #.## #....
#.# ..###. #.# ### .# #.# #


You could see 2 gnolls.

Vanquished Creatures
  A gnoll (D:2)
  2 oozes (D:2)
  A worm (D:2)
  A leopard gecko (D:1)
  11 bats (D:1)
  2 giant cockroaches (D:1)
  5 goblins
  6 hobgoblins
  2 jackals (D:1)
  4 frilled lizards (D:1)
  2 kobolds (D:1)
  3 rats
40 creatures vanquished.

Notes
Turn   | Place    | Note
-------+----------+-------------------------------------------
     0 | D:1      | Golfball the Minotaur Gladiator began the quest for the Orb.
     0 | D:1      | Reached XP level 1. HP: 18/18 MP: 0/0
    45 | D:1      | Reached skill level 4 in Maces & Flails
   188 | D:1      | Reached XP level 2. HP: 25/25 MP: 1/1
   637 | D:1      | Reached skill level 5 in Maces & Flails
   833 | D:1      | Reached XP level 3. HP: 30/30 MP: 2/2
  1351 | D:2      | HP: 1/30 [gnoll/halberd (9)]
  1352 | D:2      | Slain by a gnoll

Skill      XL: |  1  2 |
---------------+-------+-----
Maces & Flails | 4 5 |  5.8
Fighting       | |  2.4
Throwing       | |  2.0
Dodging        | |  3.2

Action                   || total
-------------------------++-------
Melee: Flail             ||    92
       Headbutt          ||    12
  Use: Potion            ||     1
  Eat: Chunk             ||     2
Armor: Leather armour    ||    14
       Scale mail        ||    11
Dodge: Dodged            ||    72
Block: Buckler           ||     8
